 Dungeon Crawl Stone Soup version 0.16.0-11-gd45b091 (console) character file.

170 gw the Magician (level 5, 0/25 HPs)
             Began as a Vine Stalker Wizard on Mar 17, 2015.
             Slain by a rat (3 damage)
             ... on level 3 of the Dungeon.
             The game lasted 00:02:22 (3844 turns).

gw the Magician (Vine Stalker Wizard)               Turns: 3844, Time: 00:02:22

Health: 0/25       AC:  3    Str:  9    XL:     5   Next: 50%
Magic:  0/14       EV: 12    Int: 19    God:
Gold:   101        SH:  0    Dex: 13    Spells: 1 memorised, 10 levels left

rFire  + . .     SeeInvis .     b - +1 dagger
rCold  . . .     Clarity  .     m - +0 leather armour
rNeg   . . .     SustAb   .     (no shield)
rPois  .         Gourm    .     f - +0 hat
rElec  .         Spirit   +     (no cloak)
rCorr  .         Warding  .     (no gloves)
rMut   .         Stasis   .     (no boots)
MR     .....                    (no amulet)
Stlth  ++........               j - +1 ring of slaying
                                e - ring of protection from fire

@: very slightly contaminated, not resistant to hostile enchantments, unstealthy
A: fangs 2, regeneration 1, magic shield, antimagic bite, no device heal 3, rot
immunity
a: no special abilities


You were on level 3 of the Dungeon.
You were not hungry.

You visited 1 branch of the dungeon, and saw 3 of its levels.

You collected 101 gold pieces.

Inventory:

Hand weapons
 b - a +1 dagger (weapon)
Missiles
 g - 76 stones (quivered)
 h - 10 poisoned needles
Armour
 f - a +0 hat (worn)
 m - a +0 leather armour (worn)
Jewellery
 e - a ring of protection from fire (left hand)
 j - a +1 ring of slaying (right hand)
Scrolls
 i - 2 scrolls of immolation
 k - 3 scrolls of identify
 o - 2 scrolls of remove curse
Potions
 a - 2 potions of might {unknown}
Books
 c - a book of Minor Magic

   Spells                             Type                      Level
   a - Magic Dart                     Conjuration                  1
   b - Blink                          Translocation                2
   c - Call Imp                       Summoning                    2
   d - Repel Missiles                 Charms/Air                   2
   e - Slow                           Hexes                        2
   f - Conjure Flame                  Conjuration/Fire             3
   g - Mephitic Cloud                 Conjuration/Poison/Air       3
Comestibles
 d - 3 bread rations
 l - 9 fruits


   Skills:
 + Level 1.4 Fighting
 + Level 1.5 Short Blades
 + Level 2.3 Dodging
 - Level 2.4 Stealth
 + Level 3.9 Spellcasting
 * Level 3.1 Conjurations
   Level 1.0 Summonings
   Level 1.0 Translocations


You had 10 spell levels left.
You knew the following spells:

 Your Spells              Type           Power        Failure   Level  Hunger
a - Magic Dart            Conj           ###.         6%          1    None


Dungeon Overview and Level Annotations

Branches:
Dungeon (3/15)

Altars:


Innate Abilities, Weirdness & Mutations

You have extremely sharp teeth.
Your natural rate of healing is unusually fast.
When hurt, damage is shared between your health and your magic reserves.
Your bite disrupts and absorbs the magic of your enemies.
Potions and wands cannot restore your health.
You are immune to rotting.


Message History

You kill the gnoll!
Unknown command.
Unknown command.
Unknown command.
Unknown command.
ATTACKING (-1,1)
You hit the rat but do no damage. The rat bites you but does no damage.
A gnoll comes into view. It is wielding a club.
Unknown command.
Unknown command.
Unknown command.
Unknown command.
MOVING TO (-1,-1)
The rat barely misses you.
Unknown command.
Unknown command.
Unknown command.
ATTACKING (1,1)
You barely miss the rat. The rat bites you.
You die...

### #<# #.# #.# #.# #.####
#....# ##############....##
#.#.#f#.#.#.#.#.....##
#.#.#.#r#.#.#.#.#.#.#.#
#.#.#.#)#.#.#.#.#.#.#.#.
#.#.#.#g#.#.#.#.#.#.#.#.#
#.#.#.#.#.#.#.#.#.#.#.#.##
#.#.#.#.#.#.#.#.#.#.#.#.#.#
#.#.#.#.#.#.#.#.#.#.#.#.#.##
#.#.#.#.#.#.#.#.#.#.#[#.#.#
#.#.#.#.#.#.#.#.#.#.#.#.#.#.


You could see a rat.

Table legend:
 A = Turns spent in this place as a percentage of turns spent in the entire game.
 B = Non-inter-level travel turns spent in this place as a percentage of non-inter-level travel turns spent in the entire game.
 C = Inter-level travel turns spent in this place as a percentage of turns spent in this place.
 D = Turns resting spent in this place as a percentage of non-inter-level travel turns spent in this place.
 E = Turns spent auto-exploring this place as a percentage of non-inter-level travel turns spent in this place.
 F = Non-inter-level travel turns spent in this place divided by the number of levels of this place that you've seen.
                   A       B       C       D       E      F
               +-------+-------+-------+-------+-------+----------------------
         Total | 100.0 | 100.0 |   0.5 |   3.5 |   2.8 | 1426.0
       Dungeon | 100.0 | 100.0 |   0.5 |   3.5 |   2.8 | 1426.0
               +-------+-------+-------+-------+-------+----------------------

Table legend:
 A = Kills in this place as a percentage of kills in entire the game.
 B = Kills by you in this place as a percentage of kills by you in the entire game.
 C = Kills by friends in this place as a percentage of kills by friends in the entire game.
 D = Other kills in this place as a percentage of other kills in the entire game.
 E = Experience gained in this place as a percentage of experience gained in the entire game.
 F = Experience gained in this place divided by the number of levels of this place that you have seen.
                   A       B       C       D       E      F
               +-------+-------+-------+-------+-------+----------------------
         Total | 100.0 | 100.0 |  -nan |  -nan | 100.0 |  81.0
       Dungeon | 100.0 | 100.0 |  -nan |  -nan | 100.0 |  81.0
               +-------+-------+-------+-------+-------+----------------------

Vanquished Creatures
  3 gnolls (D:3)
  7 adders
  A giant mite (D:1)
  2 worms
  5 giant geckos
  An orc (D:3)
  5 bats
  A giant cockroach (D:2)
  8 goblins
  7 hobgoblins
  A quokka (D:3)
  A ball python (D:3)
  4 giant newts
  4 jackals (D:2)
  5 kobolds
  6 rats
61 creatures vanquished.

Notes
Turn   | Place    | Note
--------------------------------------------------------------
     0 | D:1      | gw, the Vine Stalker Wizard, began the quest for the Orb.
     0 | D:1      | Reached XP level 1. HP: 9/9 MP: 4/4
   355 | D:1      | Reached XP level 2. HP: 13/13 MP: 5/7
  1317 | D:1      | Reached XP level 3. HP: 12/17 MP: 0/9
  1870 | D:2      | Reached XP level 4. HP: 12/21 MP: 0/11
  2779 | D:3      | Reached skill level 1 in Fighting
  2961 | D:3      | Reached skill level 1 in Short Blades
  3207 | D:3      | Reached XP level 5. HP: 25/25 MP: 8/14
  3844 | D:3      | Slain by a rat

Action                   |  1- 3 |  4- 6 || total
-------------------------+-------+-------++-------
Melee: Dagger            |     3 |     8 ||    11
Throw: Stone             |     1 |     1 ||     2
 Cast: Magic Dart        |    82 |   110 ||   192
  Use: Scroll            |     3 |     3 ||     6
       Potion            |     1 |     3 ||     4
  Eat: Chunk             |     3 |     3 ||     6
       Bread ration      |       |     1 ||     1

Vault maps used:
D:1:      roderic_crossed_star, serial_bayou, serial_bayou_ford_a,
          serial_bayou_shore_b, serial_bayou_shore_a, serial_bayou_pond_a,
          hangedman_decor_diamond_cutter, minmay_misc_feat_nine_boxes
D:3:      first_bread, min_item_tele_traps
